Map: Neon Violet Square LE

Players

liquidthermy (uThermal) - Winner!

  • Race: Terran Terran
  • League: Grandmaster
  • Spawn Location: 11:00

RiSky

  • Race: Zerg Zerg
  • League: Grandmaster
  • Spawn Location: 5:00

VOD

Have the link to the VOD?

Description

Time

  • Played on: April 1, 2018, 10:42 a.m.
  • Length: 8:35
Show
View Real Time Build Order
Export as new Build Order

liquidthermy Terran - Winner!

Build Orders: Liberator Opening, Reaper Expand, Mech 

Get SALT Encoding   

  12  0:01  SCV  
  13  0:13  SCV  
  14  0:17  Supply Depot  
  14  0:25  SCV  
  15  0:39  SCV  
  15  0:40  Barracks  
  16  0:45  Refinery  
  16  0:51  SCV  
  17  1:03  SCV  
  18  1:15  SCV  
  19  1:28  Orbital Command, Reaper  
  20  1:42  Command Center  
  20  1:50  Supply Depot  
  20  1:53  SCV  
  21  2:00  Marine  
  22  2:05  SCV  
  23  2:09  Factory  
  23  2:14  Refinery  
  23  2:17  SCV  
  24  2:23  Barracks Reactor  
  24  2:29  SCV  
  25  2:42  SCV  
  26  2:52  Starport  
  26  2:54  SCV  
  26  2:55  Orbital Command  
  27  3:05  Hellion x2  
  31  3:06  SCV  
  31  3:10  Supply Depot  
  32  3:13  Liberator  
  32  3:14  Barracks Tech Lab  
  32  3:22  SCV  
  32  3:23  SCV  
  32  3:26  Hellion  
  32  3:27  Hellion  
  41  3:34  SCV  
  41  3:36  SCV  
  43  3:46  SCV  
  43  3:48  SCV, Hellion x2  
  49  3:52  Supply Depot  
  49  3:58  SCV  
  49  4:00  SCV  
  51  4:10  Command Center  
  51  4:12  SCV  
  52  4:17  SCV  
  52  4:19  Banshee  
  52  4:20  Cloaking Field  
  56  4:26  Hellion  
  56  4:27  Hellion  
  60  4:32  SCV  
  60  4:35  SCV, Supply Depot  
  62  4:47  Supply Depot  
  62  4:52  Armory  
  62  4:54  Armory  
  62  4:57  SCV x2, Hellion  
  66  5:04  Banshee  
  66  5:05  Hellion  
  63  5:09  SCV x2  
  63  5:10  Refinery  
  63  5:12  Refinery  
  65  5:18  Hellion  
  65  5:21  SCV x2  
  65  5:23  Orbital Command  
  65  5:26  Hellion  
  67  5:33  SCV x2  
  69  5:43  Terran Vehicle Weapons Level 1, Terran Vehicle And Ship Armor Level 1  
  69  5:45  SCV x2  
  69  5:51  Hellion x2  
  69  5:54  SCV  
  69  5:56  Refinery  
  68  5:57  SCV x2  
  68  6:02  Factory x2  
  68  6:04  Refinery  
  70  6:06  SCV  
  70  6:09  Starport Reactor, SCV x2  
  70  6:10  Barracks Tech Lab  
  73  6:12  Hellion x2  
  77  6:18  SCV  
  77  6:19  Supply Depot  
  77  6:21  SCV x2  
  80  6:30  SCV  
  76  6:33  SCV  
  76  6:34  Hellion x2  
  76  6:38  SCV  
  70  6:42  SCV  
  70  6:46  SCV  
  67  6:50  SCV  
  67  6:54  Thor x2, SCV  
  66  6:58  SCV  
  66  7:00  Medivac  
  82  7:03  SCV  
  82  7:04  Hellion x2  
  82  7:07  SCV  
  82  7:10  SCV  
  82  7:11  Medivac, Hellion x3  
  82  7:15  SCV  
  86  7:19  SCV  
  86  7:22  SCV  
  88  7:24  Factory  
  88  7:25  Factory  
  88  7:26  Hellion  
  88  7:27  SCV, Hellion  
  93  7:32  SCV  
  93  7:33  Supply Depot  
  93  7:34  SCV  
  95  7:37  Supply Depot  
  95  7:39  SCV  
  96  7:48  SCV x2  
  98  7:56  Hellion, Siege Tank x2  
  98  7:58  SCV  
  107  8:02  Supply Depot  
  107  8:08  Factory Tech Lab, Factory Reactor  
  107  8:12  Hellion  
  109  8:27  Command Center  
Show
View Real Time Build Order
Export as new Build Order

RiSky Zerg 

Build Orders: Hatch First 

Get SALT Encoding   

  12  0:00  Drone  
  13  0:13  Overlord  
  13  0:17  Drone  
  14  0:31  Drone x2  
  14  0:34  Drone  
  17  0:52  Hatchery  
  17  0:55  Drone  
  17  0:58  Drone  
  18  1:10  Extractor  
  17  1:14  Spawning Pool  
  17  1:17  Drone  
  17  1:21  Drone  
  18  1:30  Drone  
  19  1:39  Overlord  
  19  1:49  Drone  
  20  2:00  Queen  
  20  2:01  Zergling x2  
  23  2:04  Queen, Zergling x2  
  26  2:10  Metabolic Boost  
  26  2:12  Drone  
  27  2:17  Drone  
  28  2:23  Drone  
  28  2:26  Drone  
  29  2:39  Hatchery, Drone  
  28  2:45  Drone  
  28  2:47  Overlord  
  28  2:49  Drone  
  30  2:54  Drone  
  30  2:58  Drone  
  32  3:03  Queen  
  32  3:04  Drone  
  35  3:11  Drone x3  
  38  3:20  Overlord  
  38  3:23  Drone x4  
  42  3:31  Drone  
  43  3:38  Queen, Overlord  
  43  3:40  Queen  
  47  3:45  Drone  
  48  3:48  Drone  
  48  3:49  Drone x2  
  48  3:52  Queen  
  48  3:55  Drone  
  54  3:56  Drone  
  54  3:58  Drone  
  54  4:00  Zergling x2  
  57  4:03  Zergling x4  
  57  4:07  Overlord  
  59  4:11  Zergling x4  
  59  4:12  Drone  
  59  4:13  Drone  
  63  4:17  Queen  
  63  4:21  Overlord  
  65  4:30  Spore Crawler  
  60  4:33  Drone  
  60  4:34  Overlord  
  60  4:37  Drone  
  63  4:41  Drone x2  
  63  4:42  Queen  
  63  4:44  Drone  
  63  4:45  Overlord  
  68  4:50  Spore Crawler  
  68  4:51  Zergling x2  
  68  4:52  Zergling x12  
  66  5:03  Drone x2  
  66  5:04  Drone x2  
  68  5:09  Drone x2  
  68  5:13  Drone  
  68  5:14  Drone  
  72  5:15  Drone  
  72  5:18  Extractor, Lair  
  72  5:19  Extractor  
  71  5:22  Drone x2  
  73  5:30  Zergling x4  
  73  5:31  Zergling x2  
  73  5:33  Zergling x2  
  76  5:38  Zergling x2  
  76  5:41  Zergling x2  
  73  5:45  Zergling x4  
  73  5:48  Zergling x2  
  71  5:52  Drone x2  
  71  5:53  Drone  
  71  5:54  Drone  
  71  5:55  Drone  
  75  6:00  Drone  
  75  6:01  Drone x2  
  75  6:02  Drone  
  79  6:07  Drone, Roach Warren  
  79  6:09  Drone  
  80  6:11  Drone  
  80  6:15  Drone  
  82  6:19  Evolution Chamber  
  82  6:20  Extractor, Evolution Chamber, Drone, Infestation Pit  
  82  6:21  Overlord  
  77  6:26  Drone  
  77  6:28  Drone  
  64  6:48  Overseer  
  64  6:49  Drone x5  
  64  6:50  Drone x5  
  64  6:53  Drone  
  67  7:03  Drone  
  67  7:04  Drone  
  64  7:09  Hive  
  64  7:11  Drone x3  
  64  7:12  Drone x6  
  73  7:20  Drone  
  74  7:26  Extractor  
  74  7:28  Extractor, Drone  
  73  7:30  Drone  
  73  7:33  Zergling x14  
  81  7:45  Drone  
  81  7:46  Roach x2  
  81  7:47  Hydralisk Den  
  85  7:51  Hatchery  
  85  7:53  Roach  
  85  7:56  Overlord  
  86  7:58  Roach x2  
  86  8:00  Drone x2  
  86  8:02  Roach  
  94  8:06  Roach x2  
Tags
 
Add a new tag
Caveats
  • Supply blocks, unpowered buildings, or Contaminate may cause inaccurate times.
  • Supply counts are checked every 10 seconds.